 Dungeon Crawl Stone Soup version 0.29.1-2-gbd0b4ee654 (webtiles) character file.

Game seed: 17311463154332742319

69 GorkyZ the Twirler (level 4, -2/34 HPs)
             Began as a Formicid Gladiator on Nov 21, 2022.
             Slain by an orc
             ... wielding a +0 trident
              (8 damage)
             ... on level 3 of the Dungeon.
             The game lasted 00:03:37 (2529 turns).

GorkyZ the Twirler (Formicid Gladiator)             Turns: 2529, Time: 00:03:38

Health: -2/34      AC:  4    Str: 21    XL:     4   Next: 42%
Magic:  0/4        EV:  9    Int:  7    God:
Gold:   98         SH:  0    Dex: 15    Spells: 3/3 levels left

rFire   . . .      SeeInvis +   a - +0 quarterstaff
rCold   . . .      Faith    .   (no shield)
rNeg    . . .      Spirit   +   b - +0 leather armour
rPois   .          Reflect  .   (helmet unavailable)
rElec   .          Harm     .   (no cloak)
rCorr   .          Rampage  .   (no gloves)
Will    .....                   n - +0 pair of boots
Stlth   +.........              k - amulet of guardian spirit
HPRegen 0.11/turn               (no ring)
MPRegen 0.09/turn               (no ring)

@: constricted
A: permanent stasis, dig shafts and tunnels, antennae 3, four strong arms
a: Dig, Shaft Self


You were on level 3 of the Dungeon.
You visited 1 branch of the dungeon, and saw 3 of its levels.

You collected 98 gold pieces.

Inventory:

Hand Weapons
 a - a +0 quarterstaff (weapon)
Missiles
 c - 3 throwing nets (quivered)
 d - a javelin
Armour
 b - a +0 leather armour (worn)
 n - a +0 pair of boots (worn)
Jewellery
 g - a ring of ice
 k - an amulet of guardian spirit (around neck)
 m - a ring of protection from fire
Wands
 v - a wand of polymorph (2)
Scrolls
 e - 6 scrolls of identify {unknown}
 f - 2 scrolls of teleportation {unknown}
 i - 3 scrolls of poison {unknown}
 j - a scroll of noise {unknown}
 s - a scroll of enchant weapon {unknown}
 t - a scroll of amnesia {unknown}
Potions
 h - 3 potions of heal wounds {unknown}
 l - a potion of curing {unknown}
 o - a potion of haste {unknown}
 p - a potion of lignification {unknown}
 q - a potion of invisibility {unknown}
 r - a potion of might {unknown}
 u - 2 potions of flight {unknown}


   Skills:
 + Level 2.8 Fighting
 - Level 3.0 Staves
 + Level 2.4 Throwing
 + Level 1.3 Armour
 + Level 3.0 Dodging
 + Level 1.9 Shields
 + Level 1.2 Evocations


You had 3 spell levels left.
You didn't know any spells.
Your spell library contained the following spells:

 Spells                   Type           Power      Damage    Failure   Level
 Gell's Gravitas          Tloc           0%         N/A       85%         3
 Teleport Other           Tloc           0%         N/A       85%         3
 Dispersal                Tloc           0%         N/A       100%        6


Dungeon Overview and Level Annotations

Branches:
Dungeon (3/15)

Altars:
Xom


Innate Abilities, Weirdness & Mutations

You cannot be hasted, slowed, berserked, paralysed or teleported.
You can dig through walls and to a lower floor.
You have a pair of large antennae on your head. (SInv)
Your four strong arms can wield two-handed weapons with a shield.


Message History

You closely miss the orc.
The orc is severely wounded.
The orc hits you but does no damage. The orc barely misses you.
You thump the orc!
You kill the orc!
The orc misses you.
You hit the orc priest.
The orc priest is lightly wounded.
The orc priest looks satisfied for a moment.
The orc closely misses you. x2
You hit the orc priest but do no damage.
The orc priest is lightly wounded.
The orc priest misses you. The orc closely misses you.
You barely miss the orc priest.
The orc priest is lightly wounded.
The ball python barely misses you. The ball python grabs you.
The ball python constricts you.
The orc priest hits you but does no damage.
The orc hits you from afar with a +0 trident.
* * * LOW HITPOINT WARNING * * *
The ball python bites you.
* * * LOW HITPOINT WARNING * * *
The ball python constricts you.
You barely miss the orc priest.
The orc priest is lightly wounded.
The ball python bites you but does no damage.
The ball python constricts you. The orc priest hits you with a +0 club.
* * * LOW HITPOINT WARNING * * *
The orc barely misses you.
You barely miss the orc priest.
The orc priest is lightly wounded.
The ball python barely misses you. The ball python constricts you.
The orc barely misses you. The orc priest hits you with a +0 club.
* * * LOW HITPOINT WARNING * * *
The ball python barely misses you. The ball python constricts you.
You closely miss the orc priest.
The orc priest is lightly wounded.
The orc priest closely misses you.
The orc hits you from afar with a +0 trident!
You die...

#..### ## #.. #.##
###..## ##.# .
#......#### #..# .
.......#.. #.## ####
.........# #.###.....
.........# ##.....#
.........######...####
........oS@......##
........##o.###.##
......).###.....##
.......## ####...#
#.....# #...# #..###
#.†.# #.# ##### #. {


You could see an orc priest, an orc and a ball python.

Vanquished Creatures
  2 adders
  An ufetubus (D:3)
  A dart slug (D:3)
  2 orcs (D:3)
  5 ball pythons
  3 bats
  3 endoplasms
  A giant cockroach (D:2)
  5 goblins
  2 hobgoblins (D:2)
  3 quokkas
  4 frilled lizards
  4 kobolds
  3 rats
39 creatures vanquished.

Notes
Turn   | Place    | Note
-------+----------+-------------------------------------------
     0 | D:1      | GorkyZ the Formicid Gladiator began the quest for the Orb.
     0 | D:1      | Reached XP level 1. HP: 16/16 MP: 1/1
   579 | D:1      | Reached XP level 2. HP: 23/23 MP: 2/2
  1026 | D:1      | Reached skill level 1 in Shields
  1085 | D:1      | Found a faded altar of an unknown god.
  1385 | D:2      | Reached XP level 3. HP: 23/28 MP: 3/3
  1689 | D:2      | Found a shimmering altar of Xom.
  1767 | D:2      | Reached skill level 1 in Evocations
  1957 | D:2      | Reached skill level 1 in Armour
  2344 | D:3      | Reached XP level 4. HP: 33/34 MP: 4/4
  2529 | D:3      | Slain by an orc

Illustrated notes

Levels and vault maps discovered:
D:1:      dpeg_arrival_boxorama, layout_basic, chequers_ecumenical_altar_grove
D:2:      layout_basic, basic_altar
D:3:      layout_rooms, old_standard_altar,
          mainiacjoe_overflow_concentric_impassable, uniq_sigmund

Skill      XL: |  1  2  3  4 |
---------------+-------------+-----
Shields        | 1 |  1.9
Evocations     | 1 |  1.2
Armour         | 1 |  1.3
Dodging        | 3 |  3.0
Fighting       | |  2.8
Staves         | |  3.0
Throwing       | |  2.4

Action                   |  1- 3 |  4- 6 || total
-------------------------+-------+-------++-------
Melee: Quarterstaff      |    88 |    32 ||   120
       Punch             |     1 |       ||     1
 Stab: Sleeping          |     2 |       ||     2
Armor: Leather armour    |    22 |     9 ||    31
Dodge: Dodged            |    44 |    28 ||    72
